 Dungeon Crawl Stone Soup version 0.31-a0-369-g8eba5f6939 (webtiles) character file.

Game seed: 5657810312736526415

150376 backslashecho the Stormcaller (level 16, -1/123 HPs)
             Began as a White Draconian Air Elementalist on July 27, 2023.
             Was the Champion of Vehumet.
             Slain by a steelbarb worm (8 damage)
             ... on level 2 of the Spider Nest on July 29, 2023.
             The game lasted 02:25:35 (30510 turns).

backslashecho the Stormcaller (DrAE)               Turns: 30510, Time: 02:25:36

Health: -1/123     AC: 16    Str: 11    XL:     16   Next: 98%
Magic:  15/32      EV: 14    Int: 22    God:    Vehumet [******]
Gold:   2172       SH:  7    Dex: 13    Spells: 2/39 levels left

rFire   . . .        a - staff of air
rCold   + . .        L - +1 buckler
rNeg    . . .        (body armour unavailable)
rPois   +            (helmet restricted)
rElec   +            C - +2 cloak {Stlth+}
rCorr   .            p - +0 pair of gloves
SInv    +            f - +2 pair of boots {Stlth+}
Will    +....        K - amulet of magic regeneration
Stlth   ++++         c - ring of see invisible
HPRegen 0.40/turn    R - ring of poison resistance
MPRegen 0.63/turn

%: no passive effects
@: lethally poisoned (-1 -> -7), short of breath, spiked, very slightly
contaminated
A: breathe frost, AC +9, unfitting armour, cold resistance 1, cold-blooded
a: Breathe Frost, Renounce Religion


You were on level 2 of the Spider Nest.
You worshipped Vehumet.
Vehumet was exalted by your worship.
You visited 5 branches of the dungeon, and saw 26 of its levels.
You also visited: Sewer.

You collected 4906 gold pieces.
You spent 2734 gold pieces at shops.

Inventory:

Hand Weapons
 b - a +1 dagger of freezing
Missiles
 t - a throwing net
 u - 13 poisoned darts
 P - 5 curare-tipped darts
Armour
 f - a +2 pair of boots of stealth (worn)
 p - a +0 pair of gloves (worn)
 C - a +2 cloak of stealth (worn)
 G - a +0 hat
 L - a +1 buckler (worn)
Magical Staves
 a - a staff of air (weapon)
Jewellery
 c - a ring of see invisible (left hand)
 i - a ring of willpower
 q - a ring of flight
 A - a ring of positive energy
 D - a ring of protection from cold
 K - an amulet of magic regeneration (around neck)
 R - a ring of poison resistance (right hand)
Wands
 d - a wand of mindburst (8)
 h - a wand of paralysis (30)
 s - a wand of iceblast (18)
 y - a wand of flame (26)
 J - a wand of quicksilver (7)
Scrolls
 l - 4 scrolls of fog
 m - 11 scrolls of fear
 o - 9 scrolls of teleportation
 r - 4 scrolls of poison
 w - 5 scrolls of vulnerability
 z - 3 scrolls of silence
 H - a scroll of summoning
 N - 8 scrolls of amnesia
 S - 2 scrolls of blinking
 T - 2 scrolls of enchant armour
Potions
 e - 10 potions of curing
 g - 7 potions of magic
 j - 3 potions of invisibility
 k - 5 potions of enlightenment
 n - 4 potions of ambrosia
 v - 7 potions of brilliance
 x - 4 potions of haste
 B - a potion of heal wounds
 E - 4 potions of might
 I - 2 potions of resistance
 U - 2 potions of cancellation
 X - 3 potions of berserk rage
Miscellaneous
 F - a phial of floods
 M - a phantom mirror
 W - a sack of spiders


   Skills:
 - Level 6.2 Fighting
 + Level 6.8 Dodging
 - Level 2.0 Stealth
 - Level 9.0 Shields
 - Level 1.0 Unarmed Combat
 - Level 12.0 Spellcasting
 + Level 11.0 Conjurations
 - Level 5.0 Transmutations
 - Level 12.0 Fire Magic
 - Level 15.0 Air Magic
 * Level 9.9 Earth Magic


You had 2 spell levels left.
You knew the following spells:

 Your Spells              Type           Power      Damage    Failure   Level
a - Shock                 Conj/Air       100%       1d9       1%          1
b - Swiftness             Air            87%        N/A       1%          3
c - Arcjolt               Conj/Air       40%        1d50      1%          5
d - Airstrike             Air            43%        2d(7-23)  1%          4
e - Fireball              Conj/Fire      29%        3d13      1%          5
f - Leda's Unmaking       Conj/Erth      28%        9d5       3%          6
g - Static Discharge      Conj/Air       100%       2-7/arc   1%          2
r - Plasma Beam           Fire/Air       41%        2x1d55    1%          6
x - Irradiate             Conj/Tmut      24%        3d19      1%          5

Your spell library contained the following spells:

 Spells                   Type           Power      Damage    Failure   Level
 Freezing Cloud           Conj/Ice/Air   33%        6-21      1%          5
 Freeze                   Ice            52%        1d6       1%          1
 Kiss of Death            Conj/Necr      100%       2d13      1%          1
 Cigotuvi's Dreadful Rot  Necr/Pois/Air  100%       N/A       1%          2
 Necrotise                Necr           52%        1d6       6%          1
 Sublimation of Blood     Necr           13%        N/A       10%         2
 Hailstorm                Conj/Ice       37%        3d9       1%          3
 Vhi's Electric Charge    Tloc/Air       100%       N/A       1%          3
 Iskenderun's Battlesphe  Conj           58%        2d11      1%          5
 Conjure Ball Lightning   Conj/Air       40%        3x3d13    1%          6
 Petrify                  Tmut/Erth      46%        N/A       3%          4
 Frozen Ramparts          Ice            26%        1d4       5%          3
 Yara's Violent Unravell  Hex/Tmut       12%        3d7       16%         5
 Orb of Destruction       Conj           29%        9d9       16%         7
 Tukima's Dance           Hex            13%        N/A       19%         3
 Vampiric Draining        Necr           13%        2d6       19%         3
 Passage of Golubria      Tloc           13%        N/A       52%         4
 Agony                    Necr           13%        N/A       86%         5
 Death's Door             Necr           6%         N/A       100%        9


Dungeon Overview and Level Annotations

Branches:
Dungeon (15/15)            Temple (1/1) D:4            Lair (5/5) D:9
  Swamp (0/4) Lair:2       Spider (3/4) Lair:3        Slime (0/5) Lair:5
    Orc (2/2) D:10            Elf (0/3) Orc:2        Vaults (0/5) D:13
 Depths (0/4) D:15          Sewer (visited)

Altars:
Ashenzari
Cheibriados
Dithmenos
Elyvilon
Fedhas
Gozag
Hepliaklqana
Kikubaaqudgha
Makhleb
Nemelex Xobeh
Okawaru
Qazlal
Ru
Sif Muna
Trog
Uskayaw
Vehumet
Wu Jian
Xom
Yredelemnul
Zin
The Shining One
Lugonu

Shops:
D:9 ((=   D:11 *   Orc:2 [?[(*[

Portals:
Abyss: Lair:5

Annotations:
D:3 exclusion: ogre
D:5 1 exclusion
D:8 Psyche
D:9 3 runed translucent doors, Vomitron's ghost, novice DsGl
D:10 2 runed translucent doors, exclusion: 2 doors, Harold; bahustanut's ghost, novice DsSh


Innate Abilities, Weirdness & Mutations

You can breathe waves of freezing cold which knock back foes.
Your icy white scales are hard. (AC +9)
You cannot fit into any form of body armour.
Your flesh is cold resistant. (rC+)
You are cold-blooded and may be slowed by cold attacks.


Message History

The wolf spider is struck by an electric surge!!
You kill the wolf spider!
Vehumet accepts your kill.
You feel your power returning.
The wolf spider is struck by an electric surge!!!
You kill the wolf spider!
Vehumet accepts your kill.
You feel your power returning.
The wolf spider is struck by an electric surge!!
You kill the wolf spider!
Vehumet accepts your kill.
You feel your power returning.
The emperor scorpion is struck by an electric surge!
The emperor scorpion is heavily wounded.
The steelbarb worm is struck by an electric surge!!
The steelbarb worm is heavily wounded.
You feel very sick. The emperor scorpion stings you!
You block the emperor scorpion's attack. x2
The steelbarb worm hits you!
* * * LOW HITPOINT WARNING * * *
Barbed spikes become lodged in your body.
You take 22 damage, and have 25/123 hp.
You regained 3 mp, and now have 18/32 mp.
Unknown command.
Casting: Arcjolt (mildly dangerous; 1% risk of failure)
Confirm with . or Enter, or press ? or * to list all spells.
You feel a surge of power!
Electricity surges outward!
The emperor scorpion is struck by an electric surge!!!
The emperor scorpion is severely wounded.
The steelbarb worm is struck by an electric surge!!
The steelbarb worm is almost dead.
You feel sick. The emperor scorpion stings you!
* * * LOW HITPOINT WARNING * * *
The emperor scorpion claws you but does no damage. x2
The steelbarb worm completely misses you.
You take 15 damage, and have 10/123 hp.
You now have 14/32 mp.
Aiming: Breathe Frost (1% risk of failure)
Press: ? - help, Shift-Dir - straight line, f - emperor scorpion
Aim: an emperor scorpion (severely wounded, 83% to hit)
You exhale a wave of freezing cold.
The freezing breath hits the emperor scorpion!
The emperor scorpion is almost dead.
You feel sick.
You block the emperor scorpion's attack.
The emperor scorpion claws you.
* * * LOW HITPOINT WARNING * * *
You block the emperor scorpion's attack.
The steelbarb worm hits you!
You die...

####....#.#.....#.....#
##.#^......#.^.(.#....#.
#..####..#^..##..#....#.
######..~....#............#.
#≈~..#..~#...#....##...#..#.
##≈≈.....^##...............#.
###≈≈≈##..........#..#...#...^.
#≈≈≈~.........†w..#..#.....#...
#≈≈≈#.^###....@...#..#.......^.
####..^......†.s.....#......#..
##.....#.................#..
#....~#^.......^..####.....
####..#....##>...............
#~........##^†...............
##......#....(.^....#^.......
##...#.#.###...#^..#....#...
###.........#.#............


You could see an emperor scorpion and a steelbarb worm (misshapen).

Vanquished Creatures
  Jorgrun (D:13)
  Asterion (Spider:3)
  An emperor scorpion (Spider:3)
  A vampire knight (D:13)
  2 dire elephants (Lair:2)
  Josephine (D:14)
  5 entropy weavers
  The ghost of bjtr the Earth Mage, a journeyman GrEE of Vehumet (D:13)
  An ogre mage (D:15)
  4 hydras
  An anaconda (Lair:2)
  An alligator (Lair:2)
  A boulder beetle (D:12)
  A death knight (D:13)
  Erica (D:8)
  8 centaur warriors
  11 death yaks
  5 demonic crawlers
  9 two-headed ogres
  3 orc high priests (Orc:2)
  2 tengu warriors
  3 thrashing horrors (Lair:5)
  Sonja (D:10)
  Lodul (D:14)
  A fire crab (Lair:2)
  2 pharaoh ants
  5 orb spiders
  A glowing orange brain (D:15)
  2 steelbarb worms
  7 orc knights
  A necromancer (D:13)
  3 manticores
  6 orc sorcerers
  6 wolf spiders
  A salamander (shapeshifter) (Lair:4)
  2 centaur zombies (D:13)
  12 ugly things
  8 cyclopes
  A moth of wrath (Spider:1)
  An elephant (shapeshifter) (Lair:5)
  Maurice (D:13)
  13 elephants
  10 black mambas
  2 spectral centaurs (D:13)
  7 torpor snails
  A smoke demon (Lair:5)
  2 gargoyles (D:12)
  10 cane toads
  9 komodo dragons
  5 rime drakes
  An efreet (D:13)
  4 unseen horrors
  A kobold demonologist (D:11)
  A yaktaur (D:15)
  4 trolls
  A queen bee (shapeshifter) (D:14)
  2 hornets
  A hornet (shapeshifter) (D:13)
  15 tarantellas
  11 blink frogs
  4 dream sheep (Lair:5)
  2 raiju (Lair:5)
  19 slime creatures
  16 jumping spiders
  9 culicivoras
  A centaur simulacrum (D:14)
  3 shadows
  2 spriggans (Lair:5)
  6 wraiths
  A ynoxinul (Lair:5)
  16 humans (D:13)
  3 wyverns
  3 steam dragons
  9 basilisks
  50 yaks
  A human (shapeshifter) (D:13)
  2 chaos spawn (Lair:5)
  8 vampire mosquitoes
  22 redbacks
  Edmund (D:6)
  6 acid dragons
  14 water moccasins
  A floating eye (shapeshifter) (D:15)
  22 orc warriors
  2 ice beasts
  2 black bears
  A sky beast (D:7)
  14 ogres
  13 centaurs
  A phantom (D:4)
  17 wolves
  2 kobold brigands
  21 bullfrogs
  A gnoll sergeant (D:7)
  11 small abominations
  4 scorpions
  3 killer bees (D:11)
  7 howler monkeys
  13 electric eels
  4 hounds
  6 jellies
  23 orc priests
  A gnoll bouda (D:7)
  2 iguanas
  17 orc wizards
  5 hell rats (Lair:3)
  A boggart simulacrum (D:13)
  16 gnolls
  10 adders
  3 river rats (Sewer)
  A shadow imp (D:7)
  A white imp (D:8)
  2 ufetubi
  3 dart slugs
  3 worms
  76 orcs
  13 endoplasms
  12 giant cockroaches
  4 goblins
  5 hobgoblins
  7 quokkas
  7 ball pythons
  3 bats
  7 frilled lizards
  10 kobolds
  8 rats
809 creatures vanquished.

Vanquished Creatures (others)
  2 quokkas (D:4)
2 creatures vanquished.

Grand Total: 811 creatures vanquished

Notes
Turn   | Place    | Note
-------+----------+-------------------------------------------
     0 | D:1      | backslashecho the Draconian Air Elementalist began the
                  | quest for the Orb.
     0 | D:1      | Reached XP level 1. HP: 14/14 MP: 3/3
   133 | D:1      | Reached XP level 2. HP: 14/20 MP: 1/5
   298 | D:1      | Reached skill level 1 in Unarmed Combat
   637 | D:1      | Learned a level 2 spell: Static Discharge
   794 | D:2      | Reached XP level 3. HP: 21/26 MP: 6/6
  1298 | D:2      | Reached XP level 4. HP: 26/33 MP: 0/8
  1925 | D:3      | Found a transporter.
  1946 | D:3      | Found a transporter.
  2025 | D:3      | Noticed an ice beast
  2247 | D:3      | Noticed an ogre
  2427 | D:3      | Found a glowing golden altar of the Shining One.
  2476 | D:4      | Noticed a phantom
  2504 | D:3      | Reached XP level 5. HP: 38/38 MP: 5/10
  2714 | D:3      | Killed an ice beast
  2715 | D:3      | Reached XP level 6. HP: 45/45 MP: 12/12
  2909 | D:3      | Found a radiant altar of Vehumet.
  2953 | D:3      | Found a hide-covered altar of Uskayaw.
  2997 | D:3      | Became a worshipper of Vehumet
  3326 | D:4      | Learned a level 3 spell: Swiftness
  3331 | D:4      | Learned a level 4 spell: Airstrike
  3384 | D:4      | Found a staircase to the Ecumenical Temple.
  3471 | D:4      | Reached skill level 4 in Air Magic
  3632 | Temple   | Entered the Ecumenical Temple
  3759 | Temple   | Reached skill level 5 in Spellcasting
  3759 | Temple   | Your scales start taking on an icy white colour.
  3759 | Temple   | Reached XP level 7. HP: 42/50 MP: 8/14
  3759 | Temple   | Gained mutation: Your flesh is cold resistant. (rC+) [White
                  | Draconian growth]
  4008 | D:4      | Found a white marble altar of Elyvilon.
  4112 | D:4      | Reached skill level 5 in Air Magic
  4243 | D:4      | Reached skill level 5 in Conjurations
  4431 | D:5      | Entered Level 5 of the Dungeon
  4538 | D:5      | Upgraded the game from 0.31-a0-365-gcf821cafb2 to
                  | 0.31-a0-369-g8eba5f6939
  4550 | D:5      | Identified the +9 chain mail of Lofrug {Str+4}
  4646 | D:5      | Reached XP level 8. HP: 39/57 MP: 8/15
  4735 | D:5      | Reached * piety under Vehumet
  4735 | D:5      | Offered knowledge of Sandblast by Vehumet.
  4756 | D:5      | Reached skill level 6 in Air Magic
  5698 | D:6      | Found a glowing drain.
  5773 | Sewer    | Entered a sewer
  6025 | Sewer    | Reached ** piety under Vehumet
  6025 | Sewer    | Offered knowledge of Scorch by Vehumet.
  6061 | Sewer    | Found a viscous altar of Jiyva.
  6632 | D:6      | Reached XP level 9. HP: 62/62 MP: 9/18
  6701 | D:6      | Reached skill level 7 in Air Magic
  6798 | D:6      | Noticed Edmund
  6804 | D:6      | Killed Edmund
  6840 | D:6      | Found an ornate altar of the Wu Jian Council.
  8330 | D:8      | Reached skill level 1 in Shields
  8405 | D:8      | Noticed Psyche
  8689 | D:8      | Offered knowledge of Frozen Ramparts by Vehumet.
  8698 | D:8      | Learned a level 6 spell: Plasma Beam
  8793 | D:8      | Paralysed by a hornet for 2 turns
  8796 | D:8      | Reached skill level 1 in Fire Magic
  8796 | D:8      | Reached skill level 8 in Air Magic
  9198 | D:8      | Noticed Erica
  9223 | D:8      | Killed Erica
  9224 | D:8      | Reached XP level 10. HP: 69/69 MP: 10/19
  9908 | D:8      | Reached *** piety under Vehumet
 10027 | D:8      | Learned a level 5 spell: Arcjolt
 10403 | D:9      | Found a sparkling altar of Nemelex Xobeh.
 10587 | D:9      | Found a burning altar of Makhleb.
 10597 | D:9      | Found Byhiell's Antique Weapon Emporium.
 10698 | D:9      | Found Sejaf's Jewellery Shop.
 10701 | D:9      | Bought an amulet of magic regeneration for 420 gold pieces
 10754 | D:9      | Found Orehus's Weapon Shoppe.
 11061 | D:9      | Found a staircase to the Lair.
 11127 | D:9      | Found a runed translucent gate.
 11127 | D:9      | Found a runed translucent gate.
 11127 | D:9      | Found a runed translucent gate.
 11170 | D:9      | Noticed a two-headed ogre
 11196 | D:9      | Killed a two-headed ogre
 11227 | D:9      | Found a shimmering blue altar of Sif Muna.
 11281 | D:9      | Found a sacrificial altar of Ru.
 11301 | D:9      | Offered knowledge of Inner Flame by Vehumet.
 11302 | D:9      | Reached skill level 9 in Air Magic
 11393 | D:9      | Noticed Vomitron's ghost (novice DsGl)
 11428 | D:10     | Entered Level 10 of the Dungeon
 11661 | D:10     | Reached skill level 5 in Fire Magic
 11743 | D:10     | Identified a scroll of acquirement
 11743 | D:10     | Acquired a staff of air
 11753 | D:10     | Reached skill level 5 in Shields
 11824 | D:10     | Noticed a two-headed ogre
 11885 | D:10     | Killed a two-headed ogre
 11886 | D:10     | Reached XP level 11. HP: 71/74 MP: 14/20
 12129 | D:10     | Noticed Harold
 12259 | D:10     | Found a staircase to the Orcish Mines.
 12277 | D:10     | Noticed Sonja
 12301 | D:10     | Killed Sonja
 12350 | D:10     | Noticed an ogre mage
 12350 | D:10     | Noticed a lich
 12350 | D:10     | Noticed bahustanut's ghost (novice DsSh)
 12351 | D:10     | Noticed a wolf spider
 12351 | D:10     | Noticed a fire dragon
 12352 | D:10     | Noticed a necromancer
 12352 | D:10     | Noticed a skeletal warrior
 12435 | D:10     | Found a runed translucent door.
 12442 | D:10     | Found a runed translucent door.
 13239 | D:11     | Noticed a brown ugly thing
 13405 | D:11     | Reached skill level 10 in Air Magic
 13533 | D:11     | Killed a brown ugly thing
 13699 | D:11     | Found Oduckias's General Store.
 13893 | Lair:1   | Entered Level 1 of the Lair of Beasts
 14125 | Lair:1   | Reached **** piety under Vehumet
 14178 | Lair:1   | Offered knowledge of Flame Wave by Vehumet.
 15070 | Lair:1   | Reached XP level 12. HP: 81/81 MP: 18/21
 15494 | Lair:2   | Found a staircase to the Swamp.
 15666 | Lair:2   | Found a frozen archway.
 15673 | Lair:2   | Noticed a death yak
 15907 | Lair:2   | Noticed a death yak
 16053 | Lair:2   | Noticed a death yak
 16057 | Lair:2   | Reached ***** piety under Vehumet
 16282 | Lair:2   | Killed a death yak
 16282 | Lair:2   | Killed a death yak
 16287 | Lair:2   | Offered knowledge of Conjure Ball Lightning by Vehumet.
 16288 | Lair:2   | Reached skill level 10 in Fire Magic
 16288 | Lair:2   | Reached skill level 11 in Air Magic
 16516 | Lair:2   | Noticed a dire elephant
 16630 | Lair:2   | Killed a death yak
 16631 | Lair:2   | Reached skill level 5 in Dodging
 16669 | Lair:2   | Killed a dire elephant
 16670 | Lair:2   | Reached skill level 1 in Fighting
 16802 | Lair:2   | Noticed a dire elephant
 16821 | Lair:2   | Killed a dire elephant
 17029 | Lair:2   | Noticed an alligator
 17029 | Lair:2   | Noticed an anaconda
 17029 | Lair:2   | Noticed a death yak
 17031 | Lair:2   | Killed a death yak
 17031 | Lair:2   | Killed an alligator
 17032 | Lair:2   | Reached XP level 13. HP: 86/93 MP: 23/23
 17189 | Lair:2   | Reached XP level 14. HP: 110/110 MP: 24/26
 17494 | D:11     | Acquired 1084 gold pieces
 17497 | D:11     | Bought a scroll of acquirement for 676 gold pieces
 17497 | D:11     | Bought a book of Alchemy for 364 gold pieces
 17498 | D:11     | Acquired 943 gold pieces
 17506 | D:11     | Learned a level 5 spell: Fireball
 17685 | Lair:3   | Reached skill level 12 in Air Magic
 18101 | Lair:3   | Found a hole to the Spider Nest.
 19149 | Lair:5   | Entered Level 5 of the Lair of Beasts
 19242 | Lair:5   | Reached skill level 10 in Spellcasting
 19289 | Lair:4   | Reached skill level 13 in Air Magic
 19551 | Lair:5   | Offered knowledge of Sticky Flame by Vehumet.
 20256 | Lair:5   | Found a staircase to the Slime Pits.
 20575 | Lair:5   | Reached XP level 15. HP: 115/115 MP: 25/29
 20581 | Lair:5   | Learned a level 5 spell: Irradiate
 20689 | Lair:5   | Reached skill level 1 in Transmutations
 20971 | Lair:5   | Found a corrupted altar of Lugonu.
 20971 | Lair:5   | Found a one-way gate to the infinite horrors of the Abyss.
 21313 | Orc:1    | Entered Level 1 of the Orcish Mines
 21705 | Orc:2    | Entered Level 2 of the Orcish Mines
 21749 | Orc:2    | Found a staircase to the Elven Halls.
 21802 | Orc:2    | Found Cirphy's Armour Boutique.
 21808 | Orc:2    | Found Lasor's General Store.
 21886 | Orc:2    | Found Haneiroasch's Antique Armour Boutique.
 22057 | Orc:2    | Offered knowledge of Leda's Unmaking by Vehumet.
 22414 | Orc:2    | Reached skill level 14 in Air Magic
 22473 | Orc:2    | Found Qethetui's Antique Weapon Shoppe.
 22473 | Orc:2    | Found Jiru's General Store.
 22475 | Orc:2    | Found Ruorud's Magic Scroll Shoppe.
 22475 | Orc:2    | Found Fat Jaih's Armour Boutique.
 22493 | Orc:2    | Bought a scroll of amnesia for 52 gold pieces
 22493 | Orc:2    | Bought a scroll of fear for 52 gold pieces
 22493 | Orc:2    | Bought a scroll of fear for 52 gold pieces
 22493 | Orc:2    | Bought a scroll of amnesia for 52 gold pieces
 22494 | Orc:2    | Bought a +2 pair of boots of stealth for 387 gold pieces
 22494 | Orc:2    | Bought a +2 cloak of stealth for 387 gold pieces
 22496 | Orc:2    | Bought a scroll of blinking for 112 gold pieces
 22496 | Orc:2    | Bought a potion of brilliance for 60 gold pieces
 22496 | Orc:2    | Bought a potion of magic for 120 gold pieces
 23538 | D:12     | Reached ****** piety under Vehumet
 23667 | D:12     | Learned a level 6 spell: Leda's Unmaking
 24157 | D:13     | Found a gate to the Vaults.
 24158 | D:13     | Paralysed by a hornet for 3 turns
 24162 | D:13     | Offered knowledge of Ozocubu's Refrigeration by Vehumet.
 24166 | D:13     | Reached skill level 5 in Transmutations
 24235 | D:13     | Reached skill level 1 in Earth Magic
 24258 | D:13     | Found a transporter.
 24367 | D:13     | Found a transporter.
 24409 | D:13     | Noticed Maurice
 24412 | D:13     | Killed Maurice
 24424 | D:13     | Noticed Jorgrun
 24428 | D:13     | Killed Jorgrun
 24956 | D:13     | Noticed bjtr's ghost (journeyman GrEE)
 25004 | D:13     | Killed bjtr's ghost
 25169 | D:13     | Identified the staff of Mandamus {rPois Dex+3 Stlth+
                  | Poison}
 25267 | D:14     | Noticed Josephine
 25281 | D:14     | Killed Josephine
 25399 | D:14     | Reached skill level 15 in Air Magic
 25592 | D:14     | Reached XP level 16. HP: 123/123 MP: 24/32
 25596 | D:14     | Noticed Lodul
 25814 | D:14     | Killed Lodul
 26303 | D:14     | Reached skill level 5 in Earth Magic
 26458 | D:15     | Entered Level 15 of the Dungeon
 26827 | D:15     | Offered knowledge of Spellforged Servitor by Vehumet.
 27164 | D:15     | Got the Spellbook of Blasphemous Secrets
 27681 | D:15     | Reached skill level 10 in Conjurations
 27710 | D:15     | Found a staircase to the Depths.
 28004 | Spider:1 | Entered Level 1 of the Spider Nest
 29462 | Spider:1 | HP: 2/123 [demonic crawler[a torpor snail] (8)]
 29771 | Spider:2 | Offered knowledge of Freezing Cloud by Vehumet.
 30347 | Spider:3 | Noticed Asterion
 30349 | Spider:3 | Killed Asterion
 30510 | Spider:2 | Slain by a steelbarb worm

Illustrated notes

Levels and vault maps discovered:
D:1:      minmay_arrival_semitransparent, layout_rooms, nicolae_the_louvre
D:2:      layout_rooms
D:3:      gammafunk_steamed_eel, layout_basic, mainiacjoe_overflow_big_doors,
          lemuel_coloured_pillars_altar, minmay_misc_feat_four_crosses
D:4:      layout_basic, elyvilon_altar_4, minmay_temple_entry_mini_moons,
          minmay_ogre_servants
D:5:      layout_rooms, uniq_crazy_yiuf_cottage
D:6:      cheibrodos_steamvent, layout_rooms, old_standard_altar,
          portal_sewer_entry_f, kennysheep_generic_room_12, uniq_edmund
D:7:      layout_gridville
D:8:      layout_loops_corners, kennysheep_generic_room_7, uniq_erica,
          uniq_psyche
D:9:      layout_basic, led_sif_pool, nemelex_xobeh_ov_fountains_minmay,
          bloody_makhleb, hangedman_ru_absence, grunt_lair_entry_orc_guard_hut,
          gammafunk_ghost_icy, serial_shops, nicolae_shop_back_alley_shop, shop,
          nicolae_shop_real_fake_doors
D:10:     minmay_skewed_foursquare, layout_gridville, orc_0_dummy,
          muffindrake_ghost_dual_entry, uniq_sonja, uniq_harold
D:11:     layout_loops_ring, serial_shops, shop, kennysheep_windowed_goal
D:12:     layout_long_grid, serial_bayou, serial_bayou_shore_a,
          serial_bayou_pond_d, serial_bayou_lagoon_b, serial_bayou_lagoon_a,
          minmay_fractal_squares_diagonal_5
D:13:     layout_irregular_city, david_vaults_3, gammafunk_ghost_mausoleum,
          uniq_jorgrun, uniq_maurice
D:14:     layout_loops_ring, hangedman_decor_push, uniq_lodul, uniq_josephine
D:15:     gammafunk_enter_depths_forms, layout_cave_pods,
          amcnicky_mini_pool_small
Temple:   nicolae_temple_ecumenical_triangle
Lair:1:   layout_chaotic_city
Lair:2:   layout_regular_city, swamp_mist, portal_ice_cave_rime,
          nicolae_lair_lakeside_cave
Lair:3:   layout_misc_corridors, spider_nest_entry_rubble, grunt_megastairs_4,
          infiniplex_staircase_pool, serial_bayou_shore_b
Lair:4:   layout_misc_corridors
Lair:5:   hellmonk_lair_end_abyssal_woods, layout_misc_corridors,
          dpeg_slime_entry_enclosed
Spider:1: layout_spider_delve
Spider:2: layout_spider_delve
Spider:3: cheibrodos_forgotten_conduit, nicolae_spider_bug_shape, uniq_asterion,
          uniq_louise
Orc:1:    layout_caves, lightli_orcish_oven
Orc:2:    grunt_orc_tribal_feast, layout_caves, serial_shops,
          nicolae_shop_statue_plus, nicolae_shop_tiny_statue_garden, shop

Skill      XL: |  1  2  3  4  5  6  7  8  9 10 11 12 13 14 15 16 |
---------------+-------------------------------------------------+-----
Stealth        | 2 |  2.0
Dodging        | 2 3 4 5 6 |  6.8
Unarmed Combat | 1 |  1.0
Conjurations   | 2 3 4 5 6 8 9 11 | 11.0
Spellcasting   | 3 4 5 6 7 8 10 12 | 12.0
Air Magic      | 4 5 6 8 9 10 11 13 15 | 15.0
Shields        | 3 5 7 9 |  9.0
Fire Magic     | 2 6 8 10 11 12 | 12.0
Fighting       | 2 6 |  6.2
Transmutations | 5 |  5.0
Earth Magic    | 4 9 |  9.9

Action                     |  1- 3 |  4- 6 |  7- 9 | 10-12 | 13-15 | 16-18 || total
---------------------------+-------+-------+-------+-------+-------+-------++-------
  Melee: Unarmed           |    28 |       |       |       |       |       ||    28
         Tailslap          |    11 |     2 |     1 |     4 |     1 |       ||    19
         Short sword       |    50 |       |       |       |       |       ||    50
         Dagger            |       |     6 |    18 |    15 |       |       ||    39
         Staff             |       |       |       |     8 |    19 |     4 ||    31
  Throw: Dart              |       |       |     1 |       |       |       ||     1
   Cast: Shock             |    49 |    87 |   287 |   400 |    79 |    30 ||   932
         Airstrike         |       |       |    17 |    27 |     2 |       ||    46
         Static Discharge  |       |       |     3 |     8 |       |       ||    11
         Swiftness         |       |       |     1 |     3 |       |       ||     4
         Arcjolt           |       |       |       |    53 |    31 |    20 ||   104
         Plasma Beam       |       |       |       |    17 |   323 |   163 ||   503
         Fireball          |       |       |       |       |    10 |    10 ||    20
         Leda's Unmaking   |       |       |       |       |     4 |     6 ||    10
         Irradiate         |       |       |       |       |     2 |    10 ||    12
Ability: Breathe Frost     |       |       |    11 |     5 |     2 |     1 ||    19
  Evoke: Wand              |       |     7 |       |     2 |     3 |       ||    12
         Phial of floods   |       |       |       |       |     1 |       ||     1
    Use: Scroll            |     3 |       |    22 |     5 |     4 |     1 ||    35
         Potion            |       |       |       |       |     3 |     1 ||     4
   Stab: Sleeping          |     4 |     1 |     1 |       |       |       ||     6
         Paralysed         |       |       |       |     4 |       |       ||     4
 Armour: Skin              |    23 |    16 |    38 |    58 |    57 |    59 ||   251
  Dodge: Dodged            |    43 |    47 |   112 |   231 |    99 |    97 ||   629
  Block: Buckler           |       |       |       |    85 |    46 |    51 ||   182
   Form: Beast             |     3 |     2 |       |       |       |       ||     5
                           |     3 |     2 |       |       |       |       ||     5
         Blade             |     1 |     1 |       |       |       |       ||     2

Table legend: (Time is in decaauts)
 A = Elapsed time spent in this place.
 B = Non-inter-level travel time spent in this place.
 C = Inter-level travel time spent in this place.
 D = Time resting spent in this place.
 E = Time spent auto-exploring this place.
 F = Levels seen in this place.
 G = Mean time per level.
                   A        B        C        D        E       F      G
               +--------+--------+--------+--------+--------+-----+--------+
         Total |  30659 |  27919 |   2740 |   7978 |  14102 |  27 | 1135.5 |
       Dungeon |  18711 |  16938 |   1773 |   3817 |   9729 |  15 | 1247.4 |
        Temple |    198 |    198 |      0 |    167 |      0 |   1 |  198.0 |
          Lair |   7664 |   7034 |    630 |   2629 |   2728 |   5 | 1532.8 |
   Spider Nest |   2157 |   1987 |    170 |    901 |    796 |   3 |  719.0 |
  Orcish Mines |   1440 |   1274 |    166 |    293 |    700 |   2 |  720.0 |
         Sewer |    486 |    486 |      0 |    171 |    148 |   1 |  486.0 |
               +--------+--------+--------+--------+--------+-----+--------+

Top non-repeatable levels by time:
  Lair:1: 2117 daAuts
     D:9: 1788 daAuts
     D:8: 1750 daAuts
  Lair:2: 1748 daAuts
    D:10: 1505 daAuts
  Lair:5: 1479 daAuts
     D:3: 1450 daAuts
    D:13: 1415 daAuts
  Lair:4: 1353 daAuts
Spider:1: 1330 daAuts
     D:4: 1307 daAuts
     D:7: 1293 daAuts
    D:11: 1251 daAuts
    D:12: 1219 daAuts
    D:15: 1204 daAuts
